 Dungeon Crawl Stone Soup version 0.25.0-3-gd7cc5688da (webtiles) character file.

Game seed: 4685831554652857664

176 lepoulpe303 the Chopper (level 5, -1/49 HPs)
             Began as a Deep Dwarf Monk on June 15, 2020.
             Slain by a gnoll
             ... wielding a +0 whip
              (3 damage)
             ... on level 3 of the Dungeon.
             The game lasted 00:07:48 (2876 turns).

lepoulpe303 the Chopper (Deep Dwarf Monk)           Turns: 2876, Time: 00:07:49

Health: -1/49      AC:  9    Str: 16    XL:     5   Next: 30%
Magic:  5/5        EV:  8    Int: 10    God:
Gold:   99         SH:  0    Dex: 15    Spells: 4/4 levels left

rFire    . . .     SeeInvis .   a - +0 hand axe
rCold    . . .     Gourm    .   (no shield)
rNeg     . . .     Faith    .   v - +0 chain mail {MR+} {MR+}
rPois    .         Spirit   .   c - +0 helmet
rElec    .         Reflect  .   (no cloak)
rCorr    .         Harm     .   (no gloves)
MR       +....                  (no boots)
Stlth    ..........             (no amulet)
HPRegen  0.00/turn              (no ring)
MPRegen  0.09/turn              (no ring)

@: non-regenerating
A: damage resistance, heal wounds, sense surroundings 1, no regeneration
a: Heal Wounds


You were on level 3 of the Dungeon.
You were not hungry.

You visited 1 branch of the dungeon, and saw 3 of its levels.

You collected 99 gold pieces.

Inventory:

Hand Weapons
 a - a +0 hand axe (weapon)
 b - a +0 hunting sling
Missiles
 d - a throwing net {=f}
 Q - 35 stones (quivered)
Armour
 c - a +0 helmet (worn)
 u - a +0 robe
 v - a +0 chain mail of magic resistance (worn) {MR+}
Jewellery
 i - an uncursed amulet of faith {unknown}
Wands
 q - a wand of disintegration (19)
Scrolls
 g - 2 scrolls of amnesia {unknown}
 k - 2 scrolls of identify {unknown}
 o - a scroll of blinking {unknown}
 p - 2 scrolls of fear {unknown}
 r - a scroll of remove curse {unknown}
 t - a scroll of magic mapping {unknown}
 w - a scroll of fog {unknown}
Potions
 f - a potion of flight {unknown}
 h - 3 potions of heal wounds {unknown}
 j - a potion of brilliance {unknown}
 l - a potion of ambrosia {unknown}
 m - 2 potions of invisibility {unknown}
 s - a potion of resistance {unknown}
Comestibles
 e - 5 rations
 n - 5 chunks of flesh


   Skills:
 + Level 3.2 Fighting
 * Level 4.6 Axes
 * Level 1.4 Slings
 + Level 1.9 Armour
 + Level 3.9 Dodging
 + Level 3.5 Stealth


You had 4 spell levels left.
You didn't know any spells.
Your spell library was empty.

Dungeon Overview and Level Annotations

Branches:
Dungeon (3/15)

Altars:
Fedhas
Vehumet


Innate Abilities, Weirdness & Mutations

You are resistant to damage.
You can heal yourself by infusing magical energy.
You passively map a small area around you.
You do not regenerate.


Message History

You shoot a stone. The stone closely misses the gnoll.
The stone hits the gnoll but does no damage.
A gnoll comes into view. It is wielding a +0 halberd.
Firing (i - inventory. (/) - cycle)
Q - 36 stones (quivered)
Aim: a gnoll, wielding a +0 whip (lightly wounded)
You shoot a stone. The stone closely misses the gnoll.
The gnoll shouts!
The stone hits the gnoll.
a - a +0 hand axe (weapon)
The gnoll misses you.
b - a +0 hunting sling (weapon)
a - a +0 hand axe (weapon)
The gnoll hits you from afar with a +0 vampiric halberd.
The gnoll draws strength from your wounds!
The gnoll hits you but does no damage.
You slash the gnoll!
The gnoll hits you from afar with a +0 vampiric halberd!
* * * LOW HITPOINT WARNING * * *
The gnoll hits you with a +0 whip.
You die...

### * # #.. .# #.# **
##.#### #.# ##...##. ##.##
#.......
###########.#.######.....#.
.((...g.gg@###.......# #.#.
* ###.....g##.#.####...#
#... ,
#..........#####.#.###...
**#......................#.
,
#.........########.#.#.###.
#.######.## #.#.#.##.. * *
#.######.# ###.#.#.#.## ,
.........##### #...#.#..##
* ............, #.###.#..#


You could see 4 gnolls.

Levels and vault maps discovered:
D:1:      co_arrival_random_square_maze, layout_basic
D:2:      layout_basic, amethyst_overflow_temple_binary, bh_walls_and_bars
D:3:      layout_loops_ring

Notes
Turn   | Place    | Note
-------+----------+-------------------------------------------
     0 | D:1      | lepoulpe303 the Deep Dwarf Monk began the quest for the
                  | Orb.
     0 | D:1      | Reached XP level 1. HP: 20/20 MP: 1/1
    28 | D:1      | Identified a +0 helmet (You found it on level 1 of the
                  | Dungeon)
    77 | D:1      | Identified a +0 dagger
    84 | D:1      | Identified a +0 short sword
   276 | D:1      | Reached XP level 2. HP: 27/27 MP: 2/2
   370 | D:1      | Identified a +0 club
   518 | D:1      | Identified a +0 short sword
   576 | D:1      | Identified a +0 club
   581 | D:1      | Reached skill level 1 in Armour
   607 | D:1      | Identified a cursed -1 club
   761 | D:1      | Identified a +0 club
   769 | D:1      | Reached XP level 3. HP: 29/33 MP: 3/3
   982 | D:1      | Identified a +0 dagger
   996 | D:1      | Reached skill level 3 in Stealth
  1261 | D:2      | Found a radiant altar of Vehumet.
  1272 | D:2      | Found a blossoming altar of Fedhas.
  1603 | D:2      | Reached skill level 4 in Axes
  1682 | D:2      | Reached skill level 3 in Fighting
  1732 | D:2      | Identified a +0 dagger
  1987 | D:2      | Identified a +0 dagger
  2152 | D:2      | Reached XP level 4. HP: 15/42 MP: 4/4
  2171 | D:2      | Identified a +0 short sword
  2226 | D:2      | Identified a +0 club
  2239 | D:2      | Identified a +0 hunting sling (You found it on level 2 of
                  | the Dungeon)
  2243 | D:2      | Identified a +0 dagger
  2507 | D:3      | Identified a +0 hand axe
  2564 | D:3      | Identified a +0 dagger
  2564 | D:3      | Identified a +0 robe
  2565 | D:3      | Identified a +0 flail
  2573 | D:3      | Identified a +0 short sword
  2573 | D:3      | Identified a +0 leather armour
  2601 | D:3      | Reached skill level 1 in Slings
  2660 | D:3      | Identified a +0 dagger
  2660 | D:3      | Identified a +0 robe
  2660 | D:3      | Identified a +0 mace
  2661 | D:3      | Identified a +0 short sword
  2661 | D:3      | Identified a +0 chain mail of magic resistance
  2663 | D:3      | Identified a +0 club
  2674 | D:3      | Reached XP level 5. HP: 24/49 MP: 5/5
  2742 | D:3      | Identified a +0 short sword of protection
  2742 | D:3      | Identified a +0 ring mail
  2742 | D:3      | Identified a +0 dagger
  2742 | D:3      | Identified a +0 leather armour
  2854 | D:3      | HP: 12/49 [worm (2)]
  2865 | D:3      | Identified a +0 whip
  2865 | D:3      | Identified a +0 vampiric halberd
  2867 | D:3      | Identified a +0 club
  2868 | D:3      | Identified a +0 halberd
  2876 | D:3      | HP: 2/49 [gnoll/+0 vampiric halberd (10)]
  2876 | D:3      | Slain by a gnoll

Table legend:
 A = Turns spent in this place as a percentage of turns spent in the entire game.
 B = Non-inter-level travel turns spent in this place as a percentage of non-inter-level travel turns spent in the entire game.
 C = Inter-level travel turns spent in this place as a percentage of turns spent in this place.
 D = Turns resting spent in this place as a percentage of non-inter-level travel turns spent in this place.
 E = Turns spent auto-exploring this place as a percentage of non-inter-level travel turns spent in this place.
 F = Non-inter-level travel turns spent in this place divided by the number of levels of this place that you've seen.
                   A       B       C       D       E      F
               +-------+-------+-------+-------+-------+----------------------
         Total | 100.0 | 100.0 |  10.0 |   0.7 |  76.9 | 862.7
       Dungeon | 100.0 | 100.0 |  10.0 |   0.7 |  76.9 | 862.7
               +-------+-------+-------+-------+-------+----------------------

Table legend:
 A = Kills in this place as a percentage of kills in entire the game.
 B = Kills by you in this place as a percentage of kills by you in the entire game.
 C = Kills by friends in this place as a percentage of kills by friends in the entire game.
 D = Other kills in this place as a percentage of other kills in the entire game.
 E = Experience gained in this place as a percentage of experience gained in the entire game.
 F = Experience gained in this place divided by the number of levels of this place that you have seen.
                   A       B       C       D       E      F
               +-------+-------+-------+-------+-------+----------------------
         Total | 100.0 | 100.0 |   N/A |   N/A | 100.0 |  84.0
       Dungeon | 100.0 | 100.0 |   N/A |   N/A | 100.0 |  84.0
               +-------+-------+-------+-------+-------+----------------------

Skill      XL: |  1  2  3  4 |
---------------+-------------+-----
Armour         | 1 |  1.9
Stealth        | 3 |  3.5
Axes           | 4 |  4.6
Fighting       | 3 |  3.2
Slings         | 1 |  1.4
Dodging        | |  3.9

Action                   |  1- 3 |  4- 6 || total
-------------------------+-------+-------++-------
Melee: Hand axe          |   126 |    93 ||   219
 Fire: Hunting sling     |       |    34 ||    34
Throw: Stone             |    88 |    13 ||   101
 Abil: Heal Wounds       |     1 |     1 ||     2
 Stab: Sleeping          |     1 |     1 ||     2
  Eat: Chunk             |     4 |     2 ||     6
Armor: Robe              |    22 |     3 ||    25
       Chain mail        |       |     5 ||     5
Dodge: Dodged            |    92 |    51 ||   143

Vanquished Creatures
  2 orc wizards (D:3)
  3 adders
  4 worms
  A dart slug (D:3)
  3 leopard geckos
  8 orcs (D:3)
  5 bats
  2 giant cockroaches (D:1)
  10 goblins
  4 hobgoblins (D:1)
  4 jackals (D:1)
  7 kobolds
  A quokka (D:2)
  5 frilled lizards
  6 rats
65 creatures vanquished.
